 Dungeon Crawl Stone Soup version bcrawl-1.38b (webtiles) character file.

Game seed: 11163334688162291442

186424 Lovchig the Chopper (level 5, -1/50 HPs)
             Began as a Deep Dwarf Fighter on Mar 6, 2023.
             Was an Initiate of Makhleb.
             Killed by divine providence
             ... invoked by an orc priest
              (7 damage)
             ... on level 4 of the Dungeon.
             The game lasted 00:08:40 (2348 turns).

Lovchig the Chopper (Deep Dwarf Fighter)            Turns: 2348, Time: 00:08:40

Health: -1/50      AC:  9    Str: 20    XL:     5   Next: 81%
Magic:  5/5        EV:  6    Int:  9    God:    Makhleb [......]
Gold:   132        SH:  9    Dex: 12    Spells: 4/4 levels left

rFire    . . .     GDR:     28% a - +0 war axe
rCold    . . .     SeeInvis .   c - +0 medium shield
rNeg     . . .     Gourm    .   b - +0 scale mail
rPois    .         Faith    .   (no helmet)
rElec    .         Spirit   .   h - +1 cloak
rCorr    .         Reflect  .   (no gloves)
MR       .....                  (no boots)
Stlth    ..........             (no amulet)
HPRegen  0.00/turn              k - ring of wizardry
MPRegen  0.09/turn              (no ring)

@: non-regenerating
A: damage resistance, sense surroundings 1, no regeneration
a: Renounce Religion


You were on level 4 of the Dungeon.
You worshipped Makhleb.
Makhleb was noncommittal.
You were hungry.

You visited 1 branch of the dungeon, and saw 4 of its levels.

You collected 132 gold pieces.

Inventory:

Hand Weapons
 a - a +0 war axe (weapon)
 d - the +2 dagger of Defenestration {freeze, Dex+4}
   (You took it off an orc on level 3 of the Dungeon)

   It has been specially enchanted to freeze those struck by it, increasing
   damage dealt by approximately one third against foes not resistant or
   susceptible to cold, and potentially slowing cold-blooded foes.
   It affects your dexterity (+4).
Armour
 b - a +0 scale mail (worn)
 c - a +0 medium shield (worn)
 g - the +4 ring mail of Fortitude {rPois Regen+ Dex+3 SInv}
   (You took it off an orc on level 3 of the Dungeon)

   It affects your dexterity (+3).
   It protects you from poison.
   It lets you see invisible.
   It increases your rate of regeneration.
 h - a +1 cloak (worn)
 l - a +2 cloak
Jewellery
 k - a ring of wizardry (left hand)
Wands
 p - a wand of digging (10)
Scrolls
 f - 3 scrolls of remove curse
Potions
 j - a potion of heal wounds
 m - 4 potions of curing
Comestibles
 e - 3 rations {!d}
 i - 7 chunks of flesh


   Skills:
 + Level 3.7 Fighting
 + Level 5.1 Axes
 + Level 4.3 Armour
 + Level 1.0 Dodging
 + Level 3.7 Shields


You had 4 spell levels left.
You didn't know any spells.
Your spell library was empty.

Dungeon Overview and Level Annotations

Branches:
Dungeon (4/12)
 Temple: D:4-7

Altars:
Ashenzari
Elyvilon
Fedhas
Makhleb
Qazlal
Sif Muna
Vehumet
Wu Jian
Zin


Innate Abilities, Weirdness & Mutations

You are resistant to damage.
You passively map a small area around you.
You do not regenerate.


Message History

Elyvilon blocks your attack.
You closely miss the orc priest. You block the iguana's attack.
The orc priest mumbles some strange prayers to Beogh against you.
Pain shoots through your body! The iguana barely misses you.
You see here a +0 mace.
You closely miss the orc priest.
The orc priest is lightly wounded.
The orc priest hits you but does no damage.
Your shield prevents you from hitting the orc priest.
The orc priest is lightly wounded.
The orc priest invokes the aid of Beogh against you.
Beogh smites you!
* * * LOW HITPOINT WARNING * * *
You hit the orc priest but do no damage.
The orc priest is lightly wounded.
You block the orc priest's attack.
The orc priest calls down the wrath of Beogh upon you.
Beogh smites you!
You die...

, * , #...# #...#####
, , # ....#
#.........# *#.#...#
#.........# .#.#.#
#$........# ,, ,#..#.#
#.........# #.###..#.#
#.........#
#......#.###.........#
#..†lo@..........# , *
#.#.)##....<..#+* , *
, .. #..##....##.#, *,
, ##* #..##+#.....# ,
* * ...# .[....#*,* ,
, +...#.......#* , *
*##..#..!....#* , ,
#.>#.......# .........
*


You could see an iguana and an orc priest.

Vanquished Creatures
  The ghost of BLiZZARD the Ducker, an amateur DsAc of Qazlal (D:3)
  An orc wizard (D:4)
  4 gnolls (D:2)
  3 oozes
  3 worms
  A dart slug (D:1)
  2 leopard geckos (D:3)
  12 orcs
  3 ball pythons
  3 bats
  2 giant cockroaches (D:1)
  7 hobgoblins
  7 kobolds
  4 frilled lizards
  5 goblins
  A jackal skeleton (D:3)
  8 rats
67 creatures vanquished.

Notes
Turn   | Place    | Note
-------+----------+-------------------------------------------
     0 | D:1      | Lovchig the Deep Dwarf Fighter began the quest for the Orb.
     0 | D:1      | Reached XP level 1. HP: 21/21 MP: 1/1
    92 | D:1      | Reached XP level 2. HP: 28/28 MP: 2/2
   202 | D:1      | Reached skill level 3 in Axes
   291 | D:1      | Reached XP level 3. HP: 20/34 MP: 3/3
   790 | D:2      | Reached ** piety under Elyvilon
   857 | D:2      | Found a shattered altar of Ashenzari.
   968 | D:2      | Elyvilon protects you from harm!
   996 | D:2      | Reached XP level 4. HP: 18/42 MP: 1/4
  1584 | D:3      | Found a blossoming altar of Fedhas.
  1599 | D:3      | Found an ornate altar of the Wu Jian Council.
  1599 | D:3      | Found a burning altar of Makhleb.
  1599 | D:3      | Found a white marble altar of Elyvilon.
  1610 | D:3      | Found a shimmering blue altar of Sif Muna.
  1639 | D:3      | Fell from the grace of Elyvilon
  1639 | D:3      | Became a worshipper of Makhleb the Destroyer
  1666 | D:3      | Found a radiant altar of Vehumet.
  1704 | D:3      | Reached skill level 4 in Axes
  1936 | D:3      | Found a stormy altar of Qazlal.
  1955 | D:3      | Found a runed translucent gate.
  1957 | D:3      | Found a runed translucent gate.
  1958 | D:3      | Found a runed translucent gate.
  1959 | D:3      | Identified the +2 dagger of Defenestration {freeze, Dex+4}
  1959 | D:3      | Identified the +4 ring mail of Fortitude {rPois Regen+
                  | Dex+3 SInv}
  1960 | D:3      | Noticed BLiZZARD's ghost (amateur DsAc)
  1965 | D:3      | Found a roughly hewn altar of Beogh.
  2009 | D:3      | Found a glowing silver altar of Zin.
  2259 | D:3      | Killed BLiZZARD's ghost
  2260 | D:3      | Reached XP level 5. HP: 38/50 MP: 5/5
  2336 | D:4      | Reached skill level 5 in Axes
  2342 | D:4      | Reached skill level 1 in Dodging
  2348 | D:4      | Killed from afar by an orc priest

Skill      XL: |  1  2  3  4  5 |
---------------+----------------+-----
Axes           | 3 4 5 |  5.1
Armour         | 4 |  4.3
Dodging        | 1 |  1.0
Fighting       | |  3.7
Shields        | |  3.7

Action                   |  1- 3 |  4- 6 || total
-------------------------+-------+-------++-------
Melee: War axe           |   118 |   104 ||   222
Invok: Lesser Healing    |     3 |     1 ||     4
  Use: Scroll            |     2 |     5 ||     7
       Potion            |       |     3 ||     3
  Eat: Chunk             |     3 |    10 ||    13
Armor: Scale mail        |    46 |    39 ||    85
Dodge: Dodged            |    17 |    22 ||    39
Block: Medium shield     |    57 |    52 ||   109
